 Dungeon Crawl Stone Soup version 0.28-a0-674-gdaf460b524 (webtiles) character file.

Game seed: 13739183511235241934

5883 avis the Severer (level 10, 0/93 HPs)
             Began as a Hill Orc Monk on Oct 17, 2021.
             Was an Elder of Beogh.
             Slain by a killer bee (6 damage)
             ... on level 9 of the Dungeon.
             The game lasted 00:57:05 (11049 turns).

avis the Severer (Hill Orc Monk)                   Turns: 11049, Time: 00:57:06

Health: 0/93       AC: 15    Str: 24    XL:     10   Next: 82%
Magic:  14/14      EV:  9    Int: 10    God:    Beogh [****..]
Gold:   92         SH:  0    Dex: 13    Spells: 9/9 levels left

rFire   . . .      SeeInvis .   a - +11 war axe of the Shimmering Gnat {vorpal, rElec}
rCold   . . .      Faith    +   (no shield)
rNeg    . . .      Spirit   .   s - +4 chain mail {rPois}
rPois   +          Reflect  .   (no helmet)
rElec   +          Harm     .   (no cloak)
rCorr   .          Rampage  .   W - +0 pair of gloves
Will    +....                   (no boots)
Stlth   ..........              v - amulet of faith
HPRegen 0.25/turn               V - ring of willpower
MPRegen 0.14/turn               B - +6 ring of strength

@: lethally poisoned (0 -> -2), marked
A: no striking features
a: Renounce Religion, Smiting, Recall Orcish Followers


You were on level 9 of the Dungeon.
You worshipped Beogh.
Beogh was greatly pleased with you.
You visited 2 branches of the dungeon, and saw 10 of its levels.
You also visited: Sewer.

You collected 415 gold pieces.
You spent 323 gold pieces at shops.

Inventory:

Hand Weapons
 a - the +11 war axe of the Shimmering Gnat (weapon) {vorpal, rElec}
   (You acquired it on level 8 of the Dungeon)

   It inflicts extra damage upon your enemies.
   rElec:     It insulates you from electricity.
 b - a +2 executioner's axe of flaming
 w - a +1 hunting sling of freezing
Missiles
 c - 62 sling bullets
 d - 208 stones
 f - 38 poisoned darts (quivered)
 j - 16 arrows
Armour
 s - a +4 chain mail of poison resistance (worn)
 W - a +0 pair of gloves (worn)
Jewellery
 q - a ring of see invisible
 v - an amulet of faith (around neck)
 B - a +6 ring of strength (right hand)
 C - a ring of fire
 V - a ring of willpower (left hand)
Wands
 l - a wand of mindburst (6)
 z - a wand of acid (16)
 E - a wand of paralysis (14)
 U - a wand of flame (19)
Scrolls
 h - 4 scrolls of teleportation
 n - 4 scrolls of blinking
 o - a scroll of torment {unknown}
 p - 3 scrolls of magic mapping
 u - 2 scrolls of fog {unknown}
 x - 2 scrolls of noise {unknown}
 L - a scroll of vulnerability {unknown}
 Y - a scroll of amnesia {unknown}
Potions
 e - a potion of berserk rage {unknown}
 g - 2 potions of magic
 i - a potion of haste
 m - a potion of flight {unknown}
 t - a potion of mutation {unknown}
 A - a potion of brilliance
 H - 3 potions of curing
 S - a potion of cancellation {unknown}
 Z - a potion of lignification


   Skills:
 - Level 10.0 Fighting
 * Level 15.8 Axes
 - Level 5.0 Armour
 - Level 3.0 Dodging
 - Level 1.5 Stealth
 - Level 6.0 Invocations


You had 9 spell levels left.
You didn't know any spells.
Your spell library contained the following spells:

 Spells                   Type           Power      Damage    Failure   Level
 Ensorcelled Hibernation  Hex/Ice        0%         N/A       98%         2
 Gell's Gravitas          Tloc           0%         N/A       100%        3
 Lesser Beckoning         Tloc           0%         N/A       100%        3
 Spider Form              Tmut/Pois      0%         N/A       100%        3
 Teleport Other           Tloc           0%         N/A       100%        3
 Tukima's Dance           Hex            0%         N/A       100%        3
 Airstrike                Air            0%         N/A       100%        4
 Summon Lightning Spire   Summ/Air       0%         N/A       100%        4
 Blade Hands              Tmut           0%         N/A       100%        5
 Irradiate                Conj/Tmut      0%         3d14      100%        5
 Lightning Bolt           Conj/Air       0%         1d11      100%        5
 Dragon Form              Tmut           0%         N/A       100%        7


Dungeon Overview and Level Annotations

Branches:
Dungeon (9/15)             Temple (1/1) D:7           Sewer (visited)
   Lair: D:8-11         Orc: D:9-12

Altars:
Kikubaaqudgha
Makhleb
Okawaru
Sif Muna
Trog
Vehumet
Xom
The Shining One

Shops:
D:2 [   D:5 ?   D:7 !   D:9 !


Message History

The killer bee closely misses you. x3; The killer bee stings you.
The killer bee stings you!
* * * LOW HITPOINT WARNING * * *
The killer bee closely misses you.
The queen bee calls on the killer bee to defend it!
The killer bee goes berserk!
The killer bee stings you.
* * * LOW HITPOINT WARNING * * *
The killer bee stings you but does no damage. x2
The killer bee completely misses you. The killer bee barely misses you.
The killer bee rages.
The killer bee completely misses you.
The killer bee stings you but does no damage.
You slice the killer bee!!
You kill the killer bee!
Beogh accepts your kill.
You can now recall your orcish followers.
You closely miss the killer bee. You slash the killer bee!
You kill the killer bee!
Beogh accepts your kill.
You hit the killer bee but do no damage.
You hit the killer bee.
You kill the killer bee!
Beogh accepts your kill.
You barely miss the killer bee.
You hit the killer bee. x2; You feel sick.
The killer bee rages.
The killer bee closely misses you. The killer bee barely misses you.
The killer bee closely misses you. x2; The killer bee barely misses you.
The killer bee closely misses you. The killer bee barely misses you.
The killer bee stings you.
* * * LOW HITPOINT WARNING * * *
The killer bee closely misses you.
The killer bee stings you but does no damage.
The killer bee stings you.
* * * LOW HITPOINT WARNING * * *
The killer bee barely misses you.
The killer bee stings you but does no damage.
You feel sick. The killer bee misses you.
The killer bee stings you but does no damage.
The killer bee stings you.
You die...

############
......y@yy.#
.....yyyyy.#
.....y†yy.∩#
......†y†..#
......y)†..#
......(....#
...........+
...>.......#
...........#


You could see a queen bee and 12 killer bees.

Vanquished Creatures
  Harold (D:9)
  Joseph (D:8)
  Maurice (D:8)
  A hornet (D:8)
  A wyvern (D:4)
  Grum (D:8)
  A steam dragon (D:9)
  3 water moccasins
  3 black bears
  2 ice beasts
  2 sky beasts
  3 necrophages
  An ogre (D:4)
  3 centaurs
  A phantom (D:5)
  A kobold brigand (D:6)
  A bullfrog (Sewer)
  A wyvern zombie (D:7)
  5 scorpions
  A water moccasin skeleton (D:6)
  14 killer bees (D:9)
  An electric eel (D:8)
  5 wights (D:6)
  2 howler monkeys
  3 centaur zombies (D:8)
  A bullfrog zombie (D:5)
  2 jellies (D:5)
  2 centaur skeletons
  3 gnoll shamans
  An iguana (D:5)
  An orc wizard (D:4)
  A scorpion zombie (D:4)
  A hound skeleton (D:4)
  A howler monkey zombie (D:6)
  9 gnolls
  12 adders
  2 white imps
  3 worms
  A dart slug (D:1)
  7 orcs
  19 endoplasms
  18 giant cockroaches
  7 goblins
  6 hobgoblins
  2 jackals (D:2)
  16 quokkas
  17 ball pythons
  5 bats
  8 frilled lizards
  9 kobolds
  5 rats
218 creatures vanquished.

Vanquished Creatures (collateral kills)
  A sky beast (D:8)
  3 wolves (D:8)
  A phantom (D:7)
  An orc wizard (D:7)
  A gnoll (D:7)
  3 orcs
10 creatures vanquished.

Vanquished Creatures (others)
  An orc warrior (D:9)
  An orc priest (D:5)
  An orc (D:5)
3 creatures vanquished.

Grand Total: 231 creatures vanquished

Notes
Turn   | Place    | Note
-------+----------+-------------------------------------------
     0 | D:1      | avis the Hill Orc Monk began the quest for the Orb.
     0 | D:1      | Reached XP level 1. HP: 19/19 MP: 1/1
   104 | D:1      | Reached XP level 2. HP: 26/26 MP: 2/2
   328 | D:1      | Reached skill level 5 in Axes
  1066 | D:1      | Reached XP level 3. HP: 14/33 MP: 3/3
  1245 | D:1      | Found a faded altar of an unknown god.
  1725 | D:2      | Found Dianigif's Antique Armour Emporium.
  2102 | D:2      | Reached skill level 5 in Fighting
  2204 | D:3      | Reached XP level 4. HP: 33/42 MP: 4/4
  2265 | D:3      | Found a glowing drain.
  2269 | Sewer    | Entered a sewer
  2606 | Sewer    | Reached skill level 6 in Axes
  2653 | Sewer    | Reached XP level 5. HP: 35/48 MP: 5/5
  3075 | Sewer    | Reached skill level 1 in Armour
  3075 | Sewer    | Reached XP level 6. HP: 41/57 MP: 6/6
  3388 | D:3      | Found a bloodstained altar of Trog.
  3683 | D:2      | Bought a glowing chain mail for 202 gold pieces
  4203 | D:4      | Reached skill level 7 in Axes
  4490 | D:4      | Found a shimmering blue altar of Sif Muna.
  4533 | D:4      | Reached XP level 7. HP: 59/63 MP: 7/7
  4587 | D:4      | Reached skill level 8 in Axes
  4820 | D:4      | Noticed a wyvern
  4832 | D:4      | Killed a wyvern
  4998 | D:5      | Entered Level 5 of the Dungeon
  5145 | D:4      | Reached skill level 9 in Axes
  5250 | D:4      | Reached XP level 8. HP: 55/73 MP: 8/8
  5355 | D:5      | Found Beitudd's Magic Scroll Shop.
  5383 | D:5      | Reached skill level 10 in Axes
  5508 | D:5      | Became a worshipper of Beogh the Brigand
  5508 | D:5      | Reached * piety under Beogh
  5508 | D:5      | Reached ** piety under Beogh
  6265 | D:5      | Reached skill level 1 in Invocations
  6697 | D:5      | Reached skill level 11 in Axes
  7116 | D:5      | Reached skill level 12 in Axes
  7116 | D:5      | Reached XP level 9. HP: 81/81 MP: 9/11
  7563 | D:6      | Found an ancient bone altar of Kikubaaqudgha.
  7845 | D:6      | Reached skill level 13 in Axes
  7860 | D:6      | Reached *** piety under Beogh
  8092 | D:7      | Found a staircase to the Ecumenical Temple.
  8319 | D:7      | Found a glowing golden altar of the Shining One.
  8334 | D:7      | Reached skill level 14 in Axes
  8352 | D:7      | Found Entaso's Distillery.
  8359 | D:7      | Reached skill level 5 in Invocations
  8593 | D:7      | Found a shimmering altar of Xom.
  8638 | D:7      | Found an iron altar of Okawaru.
  9210 | D:7      | Bought a potion of curing for 33 gold pieces
  9210 | D:7      | Bought a potion of lignification for 33 gold pieces
  9210 | D:7      | Bought a potion of heal wounds for 55 gold pieces
  9292 | Temple   | Entered the Ecumenical Temple
  9386 | D:8      | Noticed Joseph
  9390 | D:8      | Killed Joseph
  9391 | D:8      | Reached XP level 10. HP: 70/92 MP: 1/14
  9552 | D:8      | Reached skill level 10 in Fighting
  9553 | D:8      | Noticed Maurice
  9579 | D:8      | Killed Maurice
  9601 | D:8      | Noticed Grum
  9617 | D:8      | Killed Grum
  9650 | D:8      | Identified 2 scrolls of acquirement
 10075 | D:8      | Acquired a +2 executioner's axe of flaming
 10078 | D:8      | Acquired the +11 war axe of the Shimmering Gnat {vorpal,
                  | rElec}
 10364 | D:8      | Reached skill level 5 in Armour
 11028 | D:9      | Noticed Harold
 11028 | D:9      | Found Vyfich's Distillery.
 11042 | D:9      | Killed Harold
 11043 | D:9      | Reached skill level 15 in Axes
 11048 | D:9      | Reached **** piety under Beogh
 11049 | D:9      | Slain by a killer bee

Illustrated notes

Levels and vault maps discovered:
D:1:      grunt_arrival_crossed_arrows, layout_loops_corners,
          shapermc_ecumenical_altar_mp_highgroup
D:2:      layout_rooms, serial_rivers, chequers_serial_rivers_micro_d,
          chequers_serial_rivers_micro_b, chequers_serial_rivers_room_a,
          chequers_serial_rivers_micro_c, serial_shops,
          nicolae_shop_statue_plus, dk_noncrumbling_4
D:3:      layout_basic, amcnicky_altar_gilded, gup_sewer_entry_bowl,
          grunt_ministairs_1
D:4:      layout_gridville, mainiacjoe_overflow_alcove_2
D:5:      minmay_bubble_buster, layout_loops_ring, serial_shops,
          nicolae_take_the_stairs
D:6:      layout_rooms, kiku_gazebo_pond_becter
D:7:      layout_loops_ring, lemuel_round_altar,
          mainiacjoe_overflow_large_starburst, minmay_temple_entry_ruins,
          serial_shops, shop, kennysheep_nondescript
D:8:      layout_basic, kennysheep_generic_room_13, uniq_grum, uniq_maurice,
          uniq_joseph
D:9:      layout_roguey [special_room_bee], overflow_temple_1_default,
          serial_shops, shop, shop, shop, shop, nicolae_shop_crystal,
          uniq_harold
Temple:   nicolae_temple_great_sept

Skill      XL: |  1  2  3  4  5  6  7  8  9 10 |
---------------+-------------------------------+-----
Axes           | 5 6 7 9 12 14 15 | 15.8
Fighting       | 4 5 6 7 8 9 10 | 10.0
Armour         | 1 2 5 |  5.0
Dodging        | 3 |  3.0
Invocations    | 3 6 |  6.0
Stealth        | |  1.5

Action                   |  1- 3 |  4- 6 |  7- 9 | 10-12 || total
-------------------------+-------+-------+-------+-------++-------
Melee: Hand axe          |   115 |   227 |   367 |    37 ||   746
       War axe           |       |       |       |    17 ||    17
 Fire: Hunting sling     |       |    34 |    28 |     4 ||    66
Throw: Dart              |       |       |     3 |     2 ||     5
Invok: Convert to Beogh  |       |       |     1 |       ||     1
       Smiting           |       |       |     4 |       ||     4
Evoke: Wand              |       |       |       |     1 ||     1
  Use: Scroll            |       |       |     5 |     5 ||    10
       Potion            |       |       |       |     3 ||     3
 Stab: Sleeping          |     2 |       |       |       ||     2
Armor: Robe              |    15 |       |       |       ||    15
       Ring mail         |    10 |    46 |       |       ||    56
       Chain mail        |       |    17 |   176 |    74 ||   267
Dodge: Dodged            |    74 |    79 |   114 |    74 ||   341

Table legend: (Time is in decaauts)
 A = Elapsed time spent in this place.
 B = Non-inter-level travel time spent in this place.
 C = Inter-level travel time spent in this place.
 D = Time resting spent in this place.
 E = Time spent auto-exploring this place.
 F = Levels seen in this place.
 G = Mean time per level.
                   A        B        C        D        E       F      G
               +--------+--------+--------+--------+--------+-----+--------+
         Total |  11011 |  10085 |    926 |   3132 |   4271 |  11 | 1001.0 |
       Dungeon |   9980 |   9054 |    926 |   2633 |   4271 |   9 | 1108.9 |
        Temple |     62 |     62 |      0 |      0 |      0 |   1 |   62.0 |
         Sewer |    967 |    967 |      0 |    499 |      0 |   1 |  967.0 |
               +--------+--------+--------+--------+--------+-----+--------+

Top non-repeatable levels by time:
     D:5: 1914 daAuts
     D:8: 1531 daAuts
     D:1: 1479 daAuts
     D:7: 1189 daAuts
     D:4: 1143 daAuts
   Sewer: 967 daAuts
     D:3: 938 daAuts
     D:6: 921 daAuts
     D:2: 844 daAuts
  Temple: 62 daAuts
     D:9: 18 daAuts
